 Dungeon Crawl Stone Soup version 0.30-a0-509-gd016549fea (webtiles) character file.

Game seed: 811225293830537236

42 XLettuce the Conjurer (level 3, -4/26 HPs)
             Began as a Human Conjurer on Dec 22, 2022.
             Slain by a worm (8 damage)
             ... on level 2 of the Dungeon.
             The game lasted 00:06:09 (1154 turns).

XLettuce the Conjurer (Human Conjurer)              Turns: 1154, Time: 00:06:10

Health: -4/26      AC:  3    Str:  9    XL:     3   Next: 77%
Magic:  0/6        EV: 11    Int: 18    God:
Gold:   26         SH:  0    Dex: 11    Spells: 4/7 levels left

rFire   . . .      SeeInvis .    d - +0 dagger
rCold   . . .      Faith    .    (no shield)
rNeg    . . .      Spirit   .    l - +0 leather armour
rPois   .          Reflect  .    (no helmet)
rElec   .          Harm     .    (no cloak)
rCorr   .          Rampage  .    (no gloves)
Will    .....                    (no boots)
Stlth   ++........               (no amulet)
HPRegen 0.24/turn                (no ring)
MPRegen 0.10/turn                (no ring)

@: no status effects
A: no striking features
a: no special abilities


You were on level 2 of the Dungeon.
You visited 1 branch of the dungeon, and saw 2 of its levels.

You collected 26 gold pieces.

Inventory:

Hand Weapons
 d - a +0 dagger (weapon)
Armour
 a - a +0 robe
 c - a +0 chain mail
 i - a +0 plate armour
 l - a +0 leather armour (worn)
Scrolls
 e - a scroll of fog {unknown}
 f - 3 scrolls of identify {unknown}
 m - a scroll of magic mapping {unknown}
Potions
 b - a potion of magic
 g - a potion of mutation {unknown}
 h - a potion of lignification {unknown}
 j - a potion of berserk rage {unknown}
 k - a potion of attraction {unknown}
 n - a potion of haste {unknown}


   Skills:
 + Level 1.3 Fighting
 + Level 0.0 Armour
 + Level 2.2 Dodging
 + Level 2.4 Stealth
 * Level 2.5 Spellcasting
 * Level 4.2 Conjurations


You had 4 spell levels left.
You knew the following spells:

 Your Spells              Type           Power      Damage    Failure   Level
a - Magic Dart            Conj           68%        1d6       4%          1
b - Searing Ray           Conj           34%        2d5       6%          2

Your spell library contained the following spells:

 Spells                   Type           Power      Damage    Failure   Level
 Dazzling Flash           Conj/Hex       18%        N/A       30%         3
 Fulminant Prism          Conj/Hex       4%         3d5       69%         4
 Iskenderun's Mystic Bla  Conj/Tloc      9%         2d4       69%         4


Dungeon Overview and Level Annotations

Branches:
Dungeon (2/15)

Altars:


Message History

The worm barely misses you.
You hit the worm.
The worm is heavily wounded.
You barely miss the worm.
The worm is heavily wounded.
The worm bites you.
You hit the worm.
The worm is heavily wounded.
You hit the worm.
The worm is severely wounded.
The worm bites you!
You hit the worm.
The worm is severely wounded.
The worm closely misses you.
Your magical contamination has completely faded away.
You barely miss the worm.
The worm is severely wounded.
You barely miss the worm.
The worm is severely wounded.
The worm bites you.
Casting: Magic Dart (safe; 4% risk of failure)
Confirm with . or Enter, or press ? or * to list all spells.
Aiming: Magic Dart (safe; 4% risk of failure)
Press: ? - help, Shift-Dir - straight line, f/p - worm
Aim: a worm (severely wounded, 100% to hit)
The magic dart hits the worm but does no damage.
The worm is severely wounded.
You hit the worm.
The worm is severely wounded.
The worm bites you!
* * * LOW HITPOINT WARNING * * *
You hit the worm.
The worm is severely wounded.
The worm closely misses you.
You hit the worm.
The worm is almost dead.
You hit the worm but do no damage.
The worm is almost dead.
The worm bites you!
You die...

..##....#..................
...............#.##.##.##..
.##.###.#.#.............# .#
. .........................
.#
.##.###.#######..#.#....##.#
........................#
.##.###.###.#.#..#.#.. ..
#.# #.#w#..#.# #.#
#...@....# #.# #......#.#
#.# #........# #.#
#.#.#..### .. #.#.#...
#.......( .#.##.### .. ..


You could see a worm.

Vanquished Creatures
  A dart slug (D:1)
  A ball python (D:1)
  4 bats (D:1)
  3 endoplasms
  2 giant cockroaches (D:1)
  A goblin (D:2)
  8 hobgoblins
  3 jackals (D:1)
  3 quokkas
  A frilled lizard (D:2)
  4 kobolds (D:1)
  2 rats (D:1)
33 creatures vanquished.

Notes
Turn   | Place    | Note
-------+----------+-------------------------------------------
     0 | D:1      | XLettuce the Human Conjurer began the quest for the Orb.
     0 | D:1      | Reached XP level 1. HP: 13/13 MP: 3/3
   159 | D:1      | Reached XP level 2. HP: 8/20 MP: 0/5
   270 | D:1      | Learned a level 2 spell: Searing Ray
   329 | D:1      | Reached skill level 1 in Fighting
   344 | D:1      | Reached XP level 3. HP: 20/26 MP: 1/6
  1154 | D:2      | Slain by a worm

Illustrated notes

Levels and vault maps discovered:
D:1:      dpeg_arrival_rooms_b, layout_basic, chequers_mini_garden,
          minivault_27, minmay_misc_feat_tower, corexii_item_surrounded_by_moat
D:2:      layout_basic

Skill      XL: |  1  2 |
---------------+-------+-----
Fighting       | 1 |  1.3
Dodging        | |  2.2
Stealth        | |  2.4
Spellcasting   | |  2.5
Conjurations   | |  4.2

Action                   || total
-------------------------++-------
Melee: Dagger            ||   129
       Unarmed           ||     1
       Punch             ||     1
 Cast: Magic Dart        ||    26
       Searing Ray       ||     3
 Stab: Sleeping          ||     1
Armor: Robe              ||    36
       Leather armour    ||     3
Dodge: Dodged            ||    98

Table legend: (Time is in decaauts)
 A = Elapsed time spent in this place.
 B = Non-inter-level travel time spent in this place.
 C = Inter-level travel time spent in this place.
 D = Time resting spent in this place.
 E = Time spent auto-exploring this place.
 F = Levels seen in this place.
 G = Mean time per level.
                   A        B        C        D        E       F      G
               +--------+--------+--------+--------+--------+-----+--------+
         Total |   1153 |   1140 |     13 |    454 |    277 |   2 |  576.5 |
       Dungeon |   1153 |   1140 |     13 |    454 |    277 |   2 |  576.5 |
               +--------+--------+--------+--------+--------+-----+--------+

Top non-repeatable levels by time:
     D:1: 956 daAuts
     D:2: 196 daAuts
